AoeStats
← 八贤王

Four Lakes

503617333Analyzed
4v4 RM · 1mo ago on Sep 1, 2026· 40m 39s· 8 players
Game mode
Random Map
Map size
Large (8 player)
Population
200
Speed
Normal
Resources
Standard
Victory
Conquest
Starting age
Dark Age
Ending age
Imperial Age
RankedLock teamsTeams togetherTeam positionsShared explorationLock speedFull tech treeHidden civsTurbo modeCheats
Victory
Defeat
🇺🇸 Huns · United States
852
+15
🇺🇸 Celts · United States
825
+16
🇨🇴 Khmer · Colombia
807
+17
🇹🇼 Italians · Taiwan
802
+17
🇨🇳 Ethiopians · China
954
-22
🇨🇳 Mongols · China
885
-19
🇩🇪 Franks · Germany
731
-12
🇹🇷 Sicilians · Türkiye
722
-23
I Summon K0s
11:33 Feudal Age
12:58 Wheelbarrow
12:11 Double-Bit Axe
12:58 Loom
17:37 Castle Age
19:18 Bow Saw
24:36 Husbandry
25:40 Hand Cart
25:16 Horse Collar
27:02 Gold Mining
27:47 Heavy Plow
28:50 Fishing Lines
29:59 Stone Mining
30:56 Gold Shaft Mining
31:56 Forging
31:52 Scale Barding Armor
36:10 Imperial Age
33:43 Gillnets
36:39 Iron Casting
37:12 Stone Shaft Mining
36:32 Stronghold
37:38 Conscription
41:08 Blast Furnace
40:29 Chain Barding Armor
39:32 Cavalier
不動游星
10:05 Feudal Age
16:50 Castle Age
15:26 Horse Collar
15:33 Double-Bit Axe
20:23 Bow Saw
21:41 Heavy Plow
24:35 Wheelbarrow
29:40 Imperial Age
27:58 Scale Barding Armor
27:43 Fletching
28:17 Husbandry
29:09 Hand Cart
29:09 Light Cavalry
30:00 Bloodlines
31:00 Fishing Lines
34:09 Chemistry
33:30 Ballistics
34:01 Hussar
34:11 Pikeman
34:37 Arson
36:01 Squires
36:41 Gold Mining
36:41 Stone Mining
37:15 Conscription
40:30 Elite Genoese Crossbowman
keager241
0:35 Loom
13:43 Feudal Age
14:50 Horse Collar
22:05 Castle Age
21:06 Double-Bit Axe
20:59 Man-at-Arms
21:56 Bloodlines
22:51 Heavy Plow
23:35 Elite Skirmisher
25:06 Wheelbarrow
26:30 Hand Cart
27:37 Gold Mining
28:26 Forging
28:21 Scale Barding Armor
28:39 Scale Barding Armor
29:04 Husbandry
30:28 Bow Saw
31:21 Thumb Ring
32:16 Ballistics
32:44 Marauders
33:21 Fletching
33:31 Padded Archer Armor
33:51 Padded Archer Armor
38:06 Imperial Age
35:41 Bodkin Arrow
36:01 Leather Archer Armor
37:05 Iron Casting
36:50 Chain Barding Armor
37:32 Leather Archer Armor
38:11 Caravan
38:41 Coinage
39:20 Gold Shaft Mining
38:11 Elite Tarkan
40:05 Chemistry
39:45 Parthian Tactics
40:01 Guilds
41:17 Two-Man Saw
HardGabber
13:20 Feudal Age
16:42 Castle Age
14:37 Double-Bit Axe
17:53 Bow Saw
22:33 Fletching
30:08 Imperial Age
29:51 Bodkin Arrow
30:52 Heavy Scorpion
32:05 Bracer
35:20 Chemistry
34:12 Heated Shot
39:54 Double Crossbow
Buddy
0:43 Loom
11:50 Feudal Age
16:23 Double-Bit Axe
16:35 Stone Mining
19:19 Castle Age
21:53 Gold Mining
22:18 Bow Saw
22:20 Scale Barding Armor
22:26 Forging
33:05 Imperial Age
31:01 Husbandry
35:00 Chemistry
36:07 Cavalier
40:22 Chivalry
Mitsui
7:53 Loom
10:11 Feudal Age
11:01 Double-Bit Axe
24:08 Castle Age
25:09 Crossbowman
25:56 Thumb Ring
26:32 Bow Saw
26:56 Town Watch
27:47 Wheelbarrow
27:26 Fletching
33:15 Bodkin Arrow
38:05 Imperial Age
35:42 Fishing Lines
36:14 Squires
36:16 Padded Archer Armor
36:40 Stone Mining
37:14 Leather Archer Armor
37:32 Ballistics
37:48 Murder Holes
38:28 Arbalester
39:13 Horse Collar
八贤王
0:40 Loom
10:50 Feudal Age
11:30 Double-Bit Axe
11:31 Horse Collar
13:00 Gold Mining
13:02 Stone Mining
23:58 Castle Age
25:48 Bow Saw
25:42 Heavy Plow
26:20 Gold Shaft Mining
26:20 Stone Shaft Mining
29:18 Imperial Age
30:43 Padded Archer Armor
30:34 Fletching
34:20 Nomads
36:18 Leather Archer Armor
35:58 Bodkin Arrow
Elayja5898
Connection lost

Rejoining the realm…

Still unreachable

The connection could not be restored.

Session expired

The server has moved on; the page needs a fresh start.